 Dungeon Crawl Stone Soup version 0.31-a0-968-g24f9ace8b5 (webtiles) character file.

Game seed: 17056361921717837023

127 Hubris850 the Changeling (level 4, -1/19 HPs)
             Began as a Felid Shapeshifter on Oct 27, 2023.
             Was an Initiate of Ru.
             Slain by Grinder (7 damage)
             ... while paralysed by Grinder
             ... on level 3 of the Dungeon.
             The game lasted 00:06:44 (2169 turns).

Hubris850 the Changeling (Felid Shapeshifter)       Turns: 2169, Time: 00:06:45

Health: -1/19      AC:  1    Str: 10    XL:     4   Next: 85%
Magic:  5/5        EV:  4    Int: 13    God:    Ru [......]
Gold:   133        SH:  0    Dex: 15    Spells: 0/3 levels left
                                        Lives:  0   Deaths: 2

rFire   . .          .
                       - Unarmed
rCold   . . .        (shield unavailable)
rNeg    . . .        (body armour unavailable)
rPois   .            (helmet unavailable)
rElec   .            (cloak unavailable)
rCorr   .            (gloves unavailable)
SInv    +            (boots unavailable)
Will    .....        (no amulet)
Stlth   ++           (no ring)
HPRegen 0.23/turn    (no ring)
MPRegen 0.09/turn

%: no passive effects
@: paralysed, brilliant, beast-form, quick
A: beast (slay +2), very small, claws 1, fangs 3, see invisible, speed 1, shaggy
fur 1, stealthy paws, no weapons or thrown items, no armour, multi-lived
a: Begin Untransformation, Renounce Religion


You were on level 3 of the Dungeon.
You worshipped Ru.
Ru was noncommittal.
You were a hulking beast.
You visited 1 branch of the dungeon, and saw 3 of its levels.

You collected 133 gold pieces.

Inventory:

Talismans
 b - a beast talisman (active)
 c - a flux talisman
Wands
 m - a wand of light (2)
Scrolls
 d - a scroll of vulnerability {unknown}
 f - 2 scrolls of teleportation {unknown}
 h - a scroll of poison {unknown}
 i - a scroll of identify {unknown}
 l - a scroll of revelation {unknown}
 n - a scroll of brand weapon {unknown}
 p - a scroll of blinking {unknown}
Potions
 a - a potion of lignification
 e - a potion of brilliance
 g - 2 potions of heal wounds {unknown}
 j - a potion of cancellation {unknown}
 k - 2 potions of mutation {unknown}
 o - 2 potions of degeneration {unknown}
 q - a potion of haste {unknown}
 r - a potion of curing {unknown}
 s - a potion of enlightenment {unknown}


   Skills:
 - Level 2.0 Fighting
 + Level 3.0 Dodging
 - Level 2.0 Stealth
 + Level 4.0 Unarmed Combat
 + Level 4.3 Shapeshifting


You couldn't memorise any spells.
You knew the following spells:

 Your Spells              Type           Power      Damage    Failure   Level
a - Ozocubu's Armour      Ice            0%         N/A       67%         3

Your spell library contained the following spells:

 Spells                   Type           Power      Damage    Failure   Level
 Metabolic Englaciation   Hex/Ice        0%         N/A       100%        5
 Simulacrum               Ice/Necr       0%         N/A       100%        6


Dungeon Overview and Level Annotations

Branches:
Dungeon (3/15)

Altars:
Ru

Shops:
D:3 :

Annotations:
D:1 1 transporter
D:3 1 runed translucent door, Crazy Yiuf, Grinder


Innate Abilities, Weirdness & Mutations

You are a hulking beast.
Your limbs bulge with bestial killing power. (Slay +2)
You have sharp claws.
You have razor-sharp teeth.
You have supernaturally acute eyesight. (SInv)
You cover ground quickly. (Speed+)
You are covered in fur. (AC +1)
Your paws help you pounce on unaware monsters.
You are incapable of wielding weapons or throwing items.
You cannot wear armour.
You gain extra lives every three experience levels.


Message History

It was a potion of brilliance.
You feel clever all of a sudden. Grinder gestures at you.
You resist with some effort.
Aiming: Bolt of Light
Press: ? - help, Shift-Dir - straight line, f/p - Grinder
Aim: Grinder (68% to hit)
The bolt of light misses Grinder.
Aiming: Bolt of Light
Press: ? - help, Shift-Dir - straight line, f/p - Grinder
Aim: Grinder (68% to hit)
The bolt of light misses Grinder.
Grinder closely misses you.
Aiming: Bolt of Light
Press: ? - help, Shift-Dir - straight line, f/p - Grinder
Aim: Grinder (68% to hit)
The bolt of light hits Grinder!
Grinder is heavily wounded.
Grinder is blinded.
Grinder misses you.
You scratch Grinder.
Grinder is heavily wounded.
You scratch Grinder but do no damage.
Grinder is heavily wounded.
Grinder misses you.
You claw Grinder! You claw Grinder.
Grinder is severely wounded.
Grinder barely misses you.
You scratch Grinder.
Grinder is almost dead.
Grinder misses you.
You completely miss Grinder.
Grinder is almost dead.
Grinder barely misses you.
You barely miss Grinder.
Grinder is almost dead.
Grinder gestures at you.
You suddenly lose the ability to move!
Grinder hits you!
You writhe in agony.
Grinder hits you!
You die...
Grinder says, "Now the real fun starts!"

######### ........#
........# ###############
........# #..............
........###.#############
........##..#
.......5#..##
......[)h$## #
#.######รท## #
#(###.######.# #
#............# #
####.######..### #
#........# # #.######.#
###### ..#####.## #.....
.........### #.####


You could see Grinder (blind).

Vanquished Creatures
  An orc wizard (D:3)
  3 adders
  A worm (D:3)
  A dart slug (D:1)
  9 orcs (D:3)
  2 bats
  3 endoplasms
  4 giant cockroaches
  3 goblins
  5 hobgoblins
  4 jackals
  7 kobolds
  A quokka (D:3)
  7 ball pythons
  4 frilled lizards
  4 rats
59 creatures vanquished.

Notes
Turn   | Place    | Note
-------+----------+-------------------------------------------
     0 | D:1      | Hubris850 the Felid Shapeshifter began the quest for the
                  | Orb.
     0 | D:1      | Reached XP level 1. HP: 9/9 MP: 2/2
   144 | D:1      | Reached XP level 2. HP: 12/12 MP: 3/3
   189 | D:1      | Reached skill level 1 in Stealth
   782 | D:2      | Reached XP level 3. HP: 12/15 MP: 4/4
  1222 | D:2      | Found a sacrificial altar of Ru.
  1330 | D:2      | Became a worshipper of Ru the Awakened
  1444 | D:3      | Reached XP level 4. HP: 12/19 MP: 5/5
  1675 | D:3      | Noticed Grinder
  1676 | D:3      | Paralysed by Grinder for 3 turns
  1687 | D:3      | Killed from afar by Grinder
  1737 | D:3      | Found Batiahip's Book Emporium.
  1807 | D:3      | Slain by an orc
  1859 | D:3      | Found a runed translucent door.
  1860 | D:3      | Noticed Crazy Yiuf
  2032 | D:3      | Learned a level 3 spell: Ozocubu's Armour
  2167 | D:3      | Paralysed by Grinder for 4 turns
  2169 | D:3      | Slain by Grinder

Illustrated notes

Levels and vault maps discovered:
D:1:      spicycebolla_arrival_risky_transporter, layout_loops_cross
D:2:      layout_loops_ring, basic_altar, minmay_misc_feat_iff
D:3:      layout_basic, serial_shops, shop, hex_medium, uniq_grinder,
          uniq_crazy_yiuf_cottage

Skill      XL: |  1  2  3  4 |
---------------+-------------+-----
Dodging        | 3 |  3.0
Stealth        | 1 2 |  2.0
Fighting       | 2 |  2.0
Shapeshifting  | 4 |  4.3
Unarmed Combat | 4 |  4.0

Action                     |  1- 3 |  4- 6 || total
---------------------------+-------+-------++-------
  Melee: Unarmed           |    75 |    54 ||   129
         Bite              |     7 |     7 ||    14
         Punch             |     4 |     2 ||     6
Ability: Begin Untransform |     1 |       ||     1
  Evoke: Wand              |       |     4 ||     4
    Use: Potion            |       |     1 ||     1
   Stab: Sleeping          |     5 |     2 ||     7
 Armour: Skin              |    10 |    21 ||    31
  Dodge: Dodged            |    49 |    49 ||    98
   Form: Beast             |     1 |       ||     1

Table legend: (Time is in decaauts)
 A = Elapsed time spent in this place.
 B = Non-inter-level travel time spent in this place.
 C = Inter-level travel time spent in this place.
 D = Time resting spent in this place.
 E = Time spent auto-exploring this place.
 F = Levels seen in this place.
 G = Mean time per level.
                   A        B        C        D        E       F      G
               +--------+--------+--------+--------+--------+-----+--------+
         Total |   1798 |   1767 |     31 |     96 |   1259 |   3 |  599.3 |
       Dungeon |   1798 |   1767 |     31 |     96 |   1259 |   3 |  599.3 |
               +--------+--------+--------+--------+--------+-----+--------+

Top non-repeatable levels by time:
     D:3: 633 daAuts
     D:2: 619 daAuts
     D:1: 546 daAuts
